 Dungeon Crawl Stone Soup version 0.28.0-49-g6dfe1f597d (webtiles) character file.

Game seed: 7472760778948622372

2685 CryoSword the Cleaver (level 9, -1/70 HPs)
             Began as a Ghoul Fighter on May 13, 2022.
             Was a Believer of Ru.
             Slain by a tengu warrior
             ... wielding a +1 vorpal great sword
              (5 damage)
             ... on level 9 of the Dungeon.
             The game lasted 00:21:18 (12076 turns).

CryoSword the Cleaver (Ghoul Fighter)              Turns: 12076, Time: 00:21:19

Health: -1/70      AC: 13    Str: 20    XL:     9   Next: 64%
Magic:  8/8        EV: 10    Int:  5    God:    Ru [**....]
Gold:   216        SH:  7    Dex: 10    Spells: 8/8 levels left

rFire   . . .      SeeInvis .   w - +0 war axe
rCold   + + .      Faith    .   y - +2 buckler
rNeg    + + +      Spirit   .   e - +2 ring mail {rC+}
rPois   ∞          Reflect  .   i - +0 helmet
rElec   .          Harm     .   x - +0 cloak
rCorr   .          Rampage  .   (no gloves)
Will    +....                   (no boots)
Stlth   ++........              (no amulet)
HPRegen 0.00/turn               q - ring of willpower
MPRegen 0.11/turn               A - +4 ring of protection

@: mighty, inhibited regen, invisible
A: claws 1, cold resistance 1, negative energy resistance 3, inhibited
regeneration, torment resistance 2, inability to use devices
a: Renounce Religion


You were on level 9 of the Dungeon.
You worshipped Ru.
Ru was pleased with you.
You visited 2 branches of the dungeon, and saw 10 of its levels.

You collected 515 gold pieces.
You spent 299 gold pieces at shops.

Inventory:

Hand Weapons
 a - a +2 scimitar of flaming
   (You took it off an orc warrior on level 9 of the Dungeon)
 f - a +1 whip of venom
   (You took it off a gnoll on level 5 of the Dungeon)
 u - a +4 spear
   (You took it off a wight on level 6 of the Dungeon)
 w - a +0 war axe (weapon)
Missiles
 m - 11 poisoned darts (quivered)
Armour
 e - a +2 ring mail of cold resistance (worn)
   (You found it on level 1 of the Dungeon)
 i - a +0 helmet (worn)
   (You found it on level 7 of the Dungeon)
 p - a +0 kite shield
   (You found it on level 4 of the Dungeon)
 x - a +0 cloak (worn)
   (You found it on level 7 of the Dungeon)
 y - a +2 buckler (worn)
   (You took it off a gnoll sergeant on level 7 of the Dungeon)
Jewellery
 d - a ring of flight
   (You found it on level 6 of the Dungeon)
 q - a ring of willpower (left claw)
   (You found it on level 4 of the Dungeon)
 A - a +4 ring of protection (right claw)
   (You found it on level 8 of the Dungeon)
Scrolls
 g - 4 scrolls of teleportation {@r4}
 j - 3 scrolls of magic mapping
 k - a scroll of identify {@r1}
 l - a scroll of blinking {unknown}
 n - a scroll of fear {unknown}
 r - a scroll of enchant armour {unknown}
 v - a scroll of noise {unknown}
 B - a scroll of torment {unknown}
Potions
 c - a potion of might
 h - 2 potions of invisibility
 o - 2 potions of attraction {!q}
 t - 2 potions of curing {@q1}


   Skills:
 - Level 3.5 Fighting
 * Level 9.3 Axes
 - Level 2.9 Armour
 + Level 5.1 Stealth
 + Level 6.6 Shields


You had 8 spell levels left.
You didn't know any spells.
Your spell library contained the following spells:

 Spells                   Type           Power      Damage    Failure   Level
 Slow                     Hex            0%         N/A       75%         1
 Call Canine Familiar     Summ           0%         N/A       98%         3
 Confusing Touch          Hex            0%         N/A       98%         3
 Gell's Gravitas          Tloc           0%         N/A       98%         3
 Lesser Beckoning         Tloc           0%         N/A       98%         3
 Portal Projectile        Hex/Tloc       0%         N/A       98%         3
 Teleport Other           Tloc           0%         N/A       98%         3
 Vampiric Draining        Necr           0%         2d6       98%         3
 Fulminant Prism          Conj/Hex       0%         3d6       100%        4
 Iskenderun's Mystic Bla  Conj/Tloc      0%         2d3       100%        4
 Leda's Liquefaction      Hex/Erth       0%         N/A       100%        4
 Lee's Rapid Deconstruct  Erth           0%         3d5*      100%        5


Dungeon Overview and Level Annotations

Branches:
Dungeon (9/15)             Temple (1/1) D:7            Lair (0/6) D:9
    Orc: D:9-12

Altars:
Ashenzari
Cheibriados
Dithmenos
Fedhas
Gozag
Hepliaklqana
Kikubaaqudgha
Makhleb
Nemelex Xobeh
Okawaru
Qazlal
Ru
Sif Muna
Trog
Vehumet
Wu Jian
Xom
Yredelemnul
Zin

Shops:
D:7 (   D:8 (   D:9 *


Innate Abilities, Weirdness & Mutations

You thrive by killing the living.
You are immune to poison.
You have sharp fingernails.
Your flesh is cold resistant. (rC+)
You are immune to negative energy. (rN+++)
You do not regenerate when monsters are visible.
You are immune to unholy pain and torment.
You cannot study or use magical devices.


Message History

You kill the orc warrior!
You feel better.
Your Stealth skill increases to level 5!
You whack the orc!
You kill the orc!
You barely miss the orc. You hit the orc.
The orc is poisoned.
The orc hits you but does no damage.
You barely miss the orc. The orc barely misses you.
You hit the orc.
You kill the orc!
You feel better.
Items here: ))) [ †.
Items here: ))) [ †.
a - a +2 scimitar of flaming Search for what [Enter for "armor", or ? for help]? axes You start resting.
You block the rat's attack.
You completely miss the rat. The rat closely misses you.
You barely miss the rat. The rat bites you but does no damage.
You hit the rat.
You kill the rat!
No target in view!
No target in view!
Your +1 whip of venom stops dripping with poison.
w - a +0 war axe (weapon)
Your movement speed is average.
Your attack delay is about 1.0.
Okay, then.
Unknown command.
Things that are here:
a wand of flame (7); a rat corpse
Found a robe.
A howler monkey simulacrum comes into view.
Found 17 gold pieces.
A howler monkey simulacrum is nearby!
A tengu warrior comes into view. It is wielding a +1 vorpal great sword.
Found a twisted runed staff.
You closely miss the tengu warrior. You block the tengu warrior's attack.
The tengu warrior pecks you. The tengu warrior barely misses you.
Okay, then.
Throw: throwing net
Aim: a tengu warrior, wielding a +1 vorpal great sword and wearing a +0 leather armour (27% to hit)
You throw a throwing net.
The throwing net misses the tengu warrior.
You block the tengu warrior's attack. The tengu warrior closely misses you.
The tengu warrior claws you.
Unknown command.
Throw: dart (curare)
Aim: a tengu warrior, wielding a +1 vorpal great sword and wearing a +0 leather armour (27% to hit)
You throw a curare-tipped dart.
The curare-tipped dart completely misses the tengu warrior.
You block the tengu warrior's attack. The tengu warrior pecks you.
You block the tengu warrior's attack.
The tengu warrior hits you with a +1 vorpal great sword!!
* * * LOW HITPOINT WARNING * * *
The tengu warrior pecks you.
* * * LOW HITPOINT WARNING * * *
The tengu warrior barely misses you.
You fade into invisibility!
The tengu warrior closely misses you.
The tengu warrior pecks you but does no damage.
The tengu warrior claws you but does no damage.
There is a stone staircase leading up here.
You climb upwards.
There is a stone staircase leading down here.
You flicker for a moment.
You flicker back into view.
You see here 25 stones.
Items here: )) / [.
There is a stone staircase leading down here.
Unknown command.
You start resting.
You climb downwards.
There is a stone staircase leading up here.
The river rat misses you.
You barely miss the river rat. The river rat barely misses you.
You barely miss the river rat.
The river rat bites you but does no damage.
You closely miss the river rat.
The river rat bites you but does no damage.
You closely miss the river rat.
The river rat bites you but does no damage. x2
You hit the river rat. You block the river rat's attack.
You hit the river rat. You block the river rat's attack.
You closely miss the river rat.
The river rat bites you but does no damage.
You hit the river rat but do no damage. The river rat closely misses you.
You hit the river rat.
You kill the river rat!
You see here a river rat corpse.
Found a stone staircase leading down.
The eight-headed hydra roars!
You completely miss the rat. The rat closely misses you.
The rat barely misses you. You block the rat's attack.
There is an escape hatch in the ceiling here.
You block the rat's attack. A mysterious force pulls you upwards.
The hatch slams shut behind you.
You closely miss the rat. The rat barely misses you.
You closely miss the rat. The rat bites you but does no damage.
You barely miss the rat. You block the rat's attack.
You slash the rat!
You kill the rat!
Items here: )) / [.
There is a stone staircase leading down here.
You climb downwards.
There is a stone staircase leading up here.
There is a stone staircase leading up here.
You climb upwards.
There is a stone staircase leading down here.
There is a stone staircase leading down here.
You climb downwards.
You block the killer bee zombie's attack.
There is a stone staircase leading up here.
The killer bee zombie hits you but does no damage. x2
You climb upwards.
There is a stone staircase leading down here.
You see here 25 stones.
There is a stone staircase leading down here.
You climb downwards.
There is a stone staircase leading up here.
The tengu warrior shouts!
You fade into invisibility!
You feel very mighty all of a sudden.
You slash the tengu warrior!
The tengu warrior hits you with a +1 vorpal great sword!
The tengu warrior pecks you but does no damage.
The tengu warrior barely misses you.
The tengu warrior hits you with a +1 vorpal great sword!
The tengu warrior pecks you but does no damage.
You block the tengu warrior's attack.
You barely miss the tengu warrior. The tengu warrior barely misses you.
The tengu warrior pecks you. The tengu warrior claws you.
* * * LOW HITPOINT WARNING * * *
You miss the tengu warrior.
The tengu warrior hits you with a +1 vorpal great sword!
* * * LOW HITPOINT WARNING * * *
x2 The tengu warrior barely misses you.
You block the tengu warrior's attack.
You barely miss the tengu warrior.
The tengu warrior hits you but does no damage.
The tengu warrior pecks you.
* * * LOW HITPOINT WARNING * * *
The tengu warrior claws you but does no damage.
You hit the tengu warrior. You block the tengu warrior's attack.
The tengu warrior closely misses you. The tengu warrior claws you.
* * * LOW HITPOINT WARNING * * *
You miss the tengu warrior.
The tengu warrior hits you with a +1 vorpal great sword!
* * * LOW HITPOINT WARNING * * *
x2 You block the tengu warrior's attack.
The tengu warrior claws you.
You die...

##....#####...../...#
###....####......#.####
###Z.....[P∩P.......#
###...#..PP../....#
###....##...........#
###....########.#.....#
#....### #.#.....#
....### ##Q#######
..### #<@...# ##
######.....#
#.)........#
######.....# #.....#
#.....# #######


You could see a tengu warrior.

Vanquished Creatures
  Maurice (D:8)
  3 steam dragons
  A water moccasin (D:6)
  2 ice beasts
  A sky beast (D:4)
  2 orc warriors
  A necrophage (D:5)
  A kobold brigand (D:8)
  A bullfrog (D:6)
  A gnoll sergeant (D:7)
  A water moccasin skeleton (D:4)
  3 wights
  A bullfrog zombie (D:5)
  2 hounds
  A jelly (D:5)
  3 bullfrog skeletons (D:5)
  2 centaur zombies
  An orc priest (D:2)
  2 centaur skeletons
  Jessica (D:2)
  A gnoll shaman (D:5)
  2 hell rats (D:8)
  An iguana (D:4)
  Natasha (D:1)
  5 orc wizards
  A hound skeleton (D:4)
  9 gnolls
  6 adders
  A river rat (D:9)
  A shadow imp (D:5)
  3 white imps
  A worm (D:4)
  2 dart slugs
  22 orcs
  6 endoplasms
  4 giant cockroaches
  10 hobgoblins
  14 jackals
  14 kobolds
  5 quokkas
  6 ball pythons
  8 bats
  2 frilled lizards
  4 goblins
  8 rats
168 creatures vanquished.

Vanquished Creatures (others)
  A plant (D:9)
1 creature vanquished.

Grand Total: 169 creatures vanquished

Notes
Turn   | Place    | Note
-------+----------+-------------------------------------------
     0 | D:1      | CryoSword the Ghoul Fighter began the quest for the Orb.
     0 | D:1      | Reached XP level 1. HP: 19/19 MP: 0/0
    56 | D:1      | Reached skill level 2 in Axes
    90 | D:1      | Reached XP level 2. HP: 22/26 MP: 1/1
   764 | D:2      | Noticed Natasha
   772 | D:1      | Reached XP level 3. HP: 15/31 MP: 2/2
   777 | D:1      | Killed Natasha
   778 | D:1      | Reached skill level 3 in Axes
  1036 | D:2      | Reached XP level 4. HP: 36/38 MP: 3/3
  1609 | D:2      | Noticed Jessica
  1616 | D:2      | Killed Jessica
  1752 | D:2      | Reached skill level 4 in Axes
  1782 | D:2      | Reached XP level 5. HP: 45/45 MP: 4/4
  2488 | D:3      | Found a faded altar of an unknown god.
  2623 | D:3      | Noticed a necrophage
  3239 | D:4      | Found a blossoming altar of Fedhas.
  3421 | D:4      | Noticed a sky beast
  3437 | D:4      | Killed a sky beast
  3438 | D:4      | Reached skill level 5 in Axes
  3438 | D:4      | Reached XP level 6. HP: 32/51 MP: 5/5
  3811 | D:4      | Reached XP level 7. HP: 57/57 MP: 6/6
  4242 | D:5      | Entered Level 5 of the Dungeon
  4546 | D:5      | Reached skill level 6 in Axes
  5092 | D:5      | Noticed a steam dragon
  5108 | D:5      | Killed a steam dragon
  5567 | D:5      | Reached skill level 5 in Shields
  5567 | D:5      | Reached XP level 8. HP: 58/63 MP: 7/7
  5711 | D:5      | Reached skill level 7 in Axes
  6566 | D:6      | Reached skill level 1 in Stealth
  7727 | D:6      | Reached skill level 8 in Axes
  8384 | D:6      | Reached XP level 9. HP: 42/70 MP: 8/8
  9306 | D:7      | Found a staircase to the Ecumenical Temple.
  9412 | Temple   | Entered the Ecumenical Temple
  9571 | Temple   | Became a worshipper of Ru the Awakened
  9762 | D:7      | Found Wyumuori's Weapon Shoppe.
 10641 | D:8      | Noticed Maurice
 10656 | D:8      | Killed Maurice
 10657 | D:8      | Reached skill level 9 in Axes
 10827 | D:8      | Found Pofi's Weapon Shop.
 10847 | D:8      | Gained mutation: You cannot study or use magical devices.
                  | [Ru sacrifice]
 10847 | D:8      | Reached * piety under Ru
 10847 | D:8      | Reached ** piety under Ru
 11038 | D:9      | Found Vuphow's Assorted Antiques.
 11046 | D:9      | Bought a scroll of identify for 46 gold pieces
 11046 | D:9      | Bought a scroll labelled JOSHOA DONKO for 23 gold pieces
 11046 | D:9      | Bought a scroll labelled XEOJEU MIFOHI for 23 gold pieces
 11046 | D:9      | Bought a twisted scale mail for 207 gold pieces
 11046 | D:9      | Identified the +0 scale mail of Dishonour {rPois} (You
                  | bought it in a shop on level 9 of the Dungeon)
 11092 | D:9      | Found a staircase to the Lair.
 11092 | D:9      | Noticed a death yak
 11092 | D:9      | Noticed a death yak
 11147 | D:9      | Noticed a death yak
 11299 | D:9      | Noticed an eight-headed hydra
 11343 | D:9      | Noticed a two-headed ogre
 11587 | D:9      | Reached skill level 5 in Stealth
 11670 | D:9      | Noticed a tengu warrior
 12076 | D:9      | Slain by a tengu warrior

Illustrated notes

Levels and vault maps discovered:
D:1:      ncdulo_smallfort, layout_rooms, chequers_avenue,
          minmay_close_crescents
D:2:      layout_basic, uniq_jessica, uniq_natasha
D:3:      layout_basic, shapermc_ecumenical_altar_acropolis, skrybe_limestone_x
D:4:      layout_basic, mainiacjoe_overflow_alcove_2, minmay_misc_feat_rugged
D:5:      layout_loops_corners
D:6:      layout_cave_pools, serial_column_ruins, column_ruins_hut,
          column_ruins_columns_water, column_ruins_grid_4,
          column_ruins_open_small, column_ruins_columns_straight,
          column_ruins_grid_2, moated_statue
D:7:      layout_basic, minmay_temple_entry_purple_smoke, serial_shops,
          shop_statue, hangedman_decor_lopped, moated_statue,
          chequers_serial_rivers_micro_b
D:8:      layout_rooms, serial_shops, nicolae_shop_crystal, uniq_maurice
D:9:      minmay_tri_box, layout_rooms, dpeg_lair_monsters, serial_shops,
          nicolae_shop_overgrown_old_shop, serial_glass, glass_columns_a,
          glass_columns_b, amcnicky_mini_rare_corridor_liquid
Temple:   mainiacjoe_temple_hex_bubbles

Skill      XL: |  1  2  3  4  5  6  7  8  9 |
---------------+----------------------------+-----
Axes           | 2 3 4 5 6 8 9 |  9.3
Shields        | 3 4 5 6 |  6.6
Stealth        | 3 5 |  5.1
Fighting       | |  3.5
Armour         | |  2.9

Action                   |  1- 3 |  4- 6 |  7- 9 || total
-------------------------+-------+-------+-------++-------
Melee: War axe           |    72 |    39 |    74 ||   185
       Dagger            |       |   160 |    83 ||   243
       Whip              |       |       |   229 ||   229
       Spear             |       |       |    97 ||    97
Throw: Dart              |       |       |     8 ||     8
       Throwing net      |       |       |     2 ||     2
Invok: Sacrifice Artific |       |       |     1 ||     1
Evoke: Wand              |       |       |     7 ||     7
  Use: Potion            |     2 |       |     5 ||     7
       Scroll            |       |       |     9 ||     9
 Stab: Invisible         |       |       |     1 ||     1
       Sleeping          |       |       |     1 ||     1
Armor: Ring mail         |    40 |    79 |    64 ||   183
       Scale mail        |     5 |       |       ||     5
       Steam dragon scal |       |       |   105 ||   105
Dodge: Dodged            |    50 |   103 |   187 ||   340
Block: Buckler           |    16 |    28 |    41 ||    85
       Kite shield       |       |     7 |   154 ||   161
